Map: Orbital Shipyard

Players

Grumm - Winner!

  • Race: Protoss Protoss
  • League: Gold

peanutofdoom

  • Race: Terran Terran

VOD

Have the link to the VOD?

Description

Time

  • Played on: Feb. 11, 2016, 1:40 p.m.
  • Length: 7:37
Show
View Real Time Build Order
Export as new Build Order

Grumm Protoss - Winner!

Build Orders:  

Get SALT Encoding   

  12  0:02  Probe (Chrono Boost)  
  13  0:12  Probe (Chrono Boost)  
  14  0:21  Pylon  
  14  0:23  Probe (Chrono Boost)  
  15  0:40  Gateway  
  15  0:47  Gateway  
  15  0:54  Assimilator  
  15  0:55  Probe (Chrono Boost)  
  16  1:06  Probe (Chrono Boost)  
  17  1:16  Probe (Chrono Boost)  
  18  1:26  Pylon  
  18  1:27  Probe (Chrono Boost)  
  18  1:28  Cybernetics Core  
  19  1:35  Zealot  
  19  1:39  Zealot  
  23  1:44  Probe (Chrono Boost)  
  24  2:03  Probe (Chrono Boost)  
  24  2:07  Stalker, Adept  
  29  2:11  Warp Gate  
  29  2:13  Probe (Chrono Boost)  
  29  2:15  Assimilator  
  30  3:24  Probe (Chrono Boost)  
  31  3:44  Robotics Facility  
  31  3:45  Stalker, Probe (Chrono Boost), Zealot  
  31  3:46  Pylon  
  31  3:47  Pylon  
  28  3:58  Stargate, Nexus  
  28  4:00  Pylon  
  28  4:03  Gateway  
  28  4:12  Gateway  
  28  4:13  Probe (Chrono Boost)  
  28  4:14  Pylon  
  29  4:35  Pylon  
  29  4:38  Warp Prism, Pylon x2  
  31  4:56  Oracle  
  31  4:59  Adept  
  36  5:00  Zealot  
  38  5:10  Mothership Core (Chrono Boost)  
  40  5:24  Immortal  
  44  5:31  Stalker  
  46  5:36  Probe x2 (Chrono Boost)  
  48  6:10  Stalker x3  
  54  6:11  Zealot  
  56  6:36  Zealot x4  
  52  7:11  Stalker  
  52  7:12  Stalker x3  
Show
View Real Time Build Order
Export as new Build Order

peanutofdoom Terran 

Build Orders:  

Get SALT Encoding   

  12  0:01  SCV  
  13  0:13  SCV  
  14  0:20  Supply Depot  
  14  0:25  SCV  
  15  0:42  SCV  
  16  0:43  Barracks  
  16  0:52  Refinery  
  16  0:54  SCV  
  17  1:06  SCV  
  18  1:28  Command Center  
  18  1:33  SCV  
  19  1:40  Supply Depot  
  19  1:43  Marine  
  20  1:48  SCV  
  21  1:55  Refinery  
  21  2:01  Reaper  
  21  2:02  SCV  
  23  2:18  SCV  
  24  2:26  Barracks  
  24  2:30  SCV  
  24  2:33  Marine  
  26  2:42  SCV  
  26  3:04  SCV x2  
  28  3:07  Marine  
  29  3:18  Marine  
  28  3:22  Barracks  
  28  3:26  Barracks  
  25  3:38  Marine  
  25  3:39  Marine  
  19  3:56  Bunker  
  19  4:01  Marine  
  20  4:03  SCV  
  20  4:04  SCV  
  22  4:10  Barracks Tech Lab  
  22  4:11  Marine  
  23  4:20  SCV x2  
  25  4:31  Marauder  
  25  4:32  Marine x3  
  25  4:35  SCV x2  
  32  4:41  Bunker  
  32  4:47  SCV x2  
  32  4:51  Marine x2  
  32  4:52  Marine  
  37  5:12  Orbital Command x2  
  37  5:26  Combat Shields  
  37  5:37  Factory, Barracks Reactor  
  37  5:39  Marine  
  38  5:53  Supply Depot  
  38  6:04  Supply Depot  
  38  6:08  SCV x2  
  38  6:09  Marauder  
  32  6:20  SCV x2  
  23  6:36  Marine  
  23  6:37  Marine x2  
  23  6:38  Marauder, Marine  
  25  6:54  Marine x2  
  25  6:59  Marauder  
Tags
 
Add a new tag
Caveats
  • Supply blocks, unpowered buildings, or Contaminate may cause inaccurate times.
  • Supply counts are checked every 10 seconds.